 Dungeon Crawl Stone Soup version 0.18.1-8-gdd0e5ea (webtiles) character file.

70 zeroDi the Sneak (level 4, -3/23 HPs)
             Began as a Vine Stalker Assassin on June 3, 2016.
             Killed by divine providence
             ... invoked by an orc priest
              (9 damage)
             ... on level 3 of the Dungeon.
             The game lasted 00:04:42 (1699 turns).

zeroDi the Sneak (Vine Stalker Assassin)            Turns: 1699, Time: 00:04:43

Health: -3/23      AC:  3    Str: 14    XL:     4   Next: 21%
Magic:  0/5        EV: 11    Int: 11    God:
Gold:   148        SH:  0    Dex: 16    Spells: 0 memorised, 3 levels left

rFire  . . .     SeeInvis .     a - +0 short sword (holy)
rCold  . . .     Gourm    .     c - +0 robe
rNeg   . . .     Faith    .     (no shield)
rPois  .         Spirit   +     (no helmet)
rElec  .         Dismiss  .     d - +0 cloak
rCorr  .         Reflect  .     (no gloves)
SustAt .         Harm     .     (no boots)
MR     .....                    (no amulet)
Stlth  +++.......               (no ring)
                                (no ring)

@: not resistant to hostile enchantments, fairly stealthy
A: fangs 2, regeneration 1, magic shield, antimagic bite, no device heal 3, rot
immunity
a: no special abilities


You were on level 3 of the Dungeon.
You were not hungry.

You visited 1 branch of the dungeon, and saw 3 of its levels.

You collected 148 gold pieces.


Innate Abilities, Weirdness & Mutations

You have extremely sharp teeth.
Your natural rate of healing is unusually fast.
When hurt, damage is shared between your health and your magic reserves.
Your bite disrupts and absorbs the magic of your enemies.
Potions and wands cannot restore your health.
You are immune to rotting.


   Skills:
 - Level 1.7 Fighting
 + Level 3.9 Short Blades
 - Level 1.7 Throwing
 - Level 0.8 Dodging
 - Level 4.8 Stealth


You had 3 spell levels left.
You didn't know any spells.

Inventory:

Hand Weapons
 a - a +0 short sword of holy wrath (weapon)
 b - a +0 blowgun
 j - a +0 short sword
 t - a +2 dagger
Missiles
 e - 11 poisoned needles
 f - 2 curare-tipped needles {=f}
 k - 62 stones (quivered)
Armour
 c - a +0 robe (worn)
 d - a +0 cloak (worn)
Jewellery
 o - an uncursed ring of flight {unknown}
Scrolls
 l - a scroll of remove curse {unknown}
 m - 3 scrolls of identify {unknown}
 r - 2 scrolls of fear {unknown}
 u - a scroll of teleportation {unknown}
 v - 2 scrolls of magic mapping {unknown}
Potions
 h - a potion of resistance {unknown}
 i - a potion of might {unknown}
 q - a potion of mutation {unknown}
 s - a potion of magic {unknown}
Comestibles
 g - 2 bread rations
 n - a meat ration
 p - a slice of pizza
 w - 2 beef jerkies
 x - 2 chunks of flesh

Dungeon Overview and Level Annotations

Branches:
Dungeon (3/15)

Altars:

########## #........#
#.######.# #.#....#.#
###.#....#.# #........#)#
####### #.#o.@...#.#
#...... #.#......#.#####..
#......###o#.....##........
+.........oS...>.......###.
#.......##.#.#..#....#.#
######.....#.#..#.##.#.#
#(o####.#..#.# .# #
####......[...#.# .#
........†).....#.. .#


You could see 2 orc priests, an adder and an orc.


Message History

The goblin misses you.
An orc comes into view. It is wielding a club.
The orc shouts!
You hit the goblin.
You kill the goblin!
An orc priest comes into view.
The orc hits you with a flail!
You see here a goblin corpse.
You closely miss the orc. Your bite misses the orc.
An adder and an orc priest come into view.
You hit the orc but do no damage. The orc hits you with a flail.
The orc priest calls down the wrath of Beogh upon you.
Beogh smites you!
* * * LOW HITPOINT WARNING * * *
An orc comes into view. It is wielding a trident.
You are too injured to fight recklessly!
The orc priest looks braver for a moment.
The orc priest calls down the wrath of Beogh upon you.
Beogh smites you!
You die...

Action                   |  1- 3 |  4- 6 || total
-------------------------+-------+-------++-------
Melee: Dagger            |    67 |     6 ||    73
       Bite              |    16 |     2 ||    18
       Short sword       |       |     9 ||     9
 Fire: Blowgun           |     4 |       ||     4
Throw: Stone             |    10 |    11 ||    21
 Stab: Sleeping          |     8 |     4 ||    12
  Eat: Chunk             |     1 |     1 ||     2
Armor: Robe              |     7 |     2 ||     9
Dodge: Dodged            |    29 |     7 ||    36

Vault maps used:
D:1:      dpeg_chamrin_arrival_tetris
D:2:      minmay_door_path, uniq_jessica
D:3:      kennysheep_goblin_castle, grunt_temple_overflow_cloverleaf,
          marbit_many_paths, ecumenical_altar_2

Notes
Turn   | Place    | Note
--------------------------------------------------------------
     0 | D:1      | zeroDi the Vine Stalker Assassin began the quest for the Orb.
     0 | D:1      | Reached XP level 1. HP: 11/11 MP: 2/2
    55 | D:1      | Reached skill level 2 in Short Blades
   217 | D:1      | Reached XP level 2. HP: 15/15 MP: 3/3
   868 | D:2      | Noticed Jessica
   881 | D:2      | Killed Jessica
   881 | D:2      | Reached skill level 3 in Short Blades
   881 | D:2      | Reached XP level 3. HP: 12/18 MP: 2/4
  1206 | D:2      | Reached XP level 4. HP: 23/23 MP: 5/5
  1699 | D:3      | Killed from afar by an orc priest

Vanquished Creatures
  Jessica (D:2)
  A worm (D:2)
  2 giant geckos
  3 giant cockroaches
  7 goblins
  A hobgoblin (D:1)
  A quokka (D:2)
  5 bats
  4 giant newts
  12 kobolds
  2 rats (D:1)
39 creatures vanquished.
